 Dungeon Crawl Stone Soup version 0.32-a0-433-g08bcfe7efd (webtiles) character file.

Game seed: 4886657349586291445

38 BubbleThief the Vexing (level 3, -1/16 HPs)
             Began as a Felid Enchanter on Feb 22, 2024.
             Succumbed to an adder's poison
             ... on level 2 of the Dungeon.
             The game lasted 00:02:44 (886 turns).

BubbleThief the Vexing (Felid Enchanter)             Turns: 886, Time: 00:02:45

Health: -1/16      AC:  1    Str:  4    XL:     3   Next: 25%
Magic:  1/7        EV: 15    Int: 18    God:
Gold:   62         SH:  0    Dex: 18    Spells: 1/6 levels left
                                        Lives:  0   Deaths: 1

rFire   . .          .
                       - Unarmed
rCold   . . .        (shield unavailable)
rNeg    . . .        (body armour unavailable)
rPois   .            (helmet unavailable)
rElec   .            (cloak unavailable)
rCorr   .            (gloves unavailable)
SInv    +            (boots unavailable)
Will    .....        (no amulet)
Stlth   +++          (no ring)
HPRegen 0.22/turn    (no ring)
MPRegen 0.10/turn

%: no passive effects
@: lethally poisoned (-1 -> -11), very slightly contaminated, constricted
A: very small, claws 1, fangs 3, see invisible, shaggy fur 1, stealthy paws, no
weapons or thrown items, no armour, multi-lived
a: no special abilities


You were on level 2 of the Dungeon.
You visited 1 branch of the dungeon, and saw 2 of its levels.

You collected 62 gold pieces.

Inventory:

Scrolls
 b - 3 scrolls of identify {unknown}
 c - a scroll of teleportation {unknown}
 d - 2 scrolls of amnesia {unknown}
 e - a scroll of blinking {unknown}
Potions
 a - 2 potions of invisibility
 f - 2 potions of brilliance {unknown}


   Skills:
 + Level 0.0 Fighting
 + Level 3.3 Dodging
 + Level 4.5 Stealth
 + Level 1.7 Unarmed Combat
 - Level 2.0 Spellcasting
 + Level 5.0 Hexes


You had one spell level left.
You knew the following spells:

 Your Spells              Type           Power      Damage    Failure   Level
a - Ensorcelled Hibernat  Hex/Ice        20%        N/A       10%         2
b - Confusing Touch       Hex            20%        N/A       7%          3

Your spell library contained the following spells:

 Spells                   Type           Power      Damage    Failure   Level
 Tukima's Dance           Hex            20%        N/A       7%          3
 Dazzling Flash           Conj/Hex       20%        N/A       19%         3


Dungeon Overview and Level Annotations

Branches:
Dungeon (2/15)

Altars:


Innate Abilities, Weirdness & Mutations

You have sharp claws.
You have razor-sharp teeth.
You have supernaturally acute eyesight. (SInv)
You are covered in fur. (AC +1)
Your paws help you pounce on unaware monsters.
You are incapable of wielding weapons or throwing items.
You cannot wear armour.
You gain extra lives every three experience levels.


Message History

The adder resists with significant effort.
The ball python barely misses you. The ball python completely misses you.
The adder misses you.
Unknown command.
Unknown command.
Casting: Ensorcelled Hibernation (safe; 10% risk of failure)
Confirm with . or Enter, or press ? or * to list all spells.
Aiming: Ensorcelled Hibernation (safe; 10% risk of failure)
Press: ? - help, Shift-Dir - straight line, f/p - adder
Aim: an adder (chance to affect: 52%)
The adder resists with significant effort.
The ball python barely misses you. x2; The adder barely misses you.
The ball python bites you. The ball python grabs you.
The ball python constricts you.
Unknown command.
Casting: Ensorcelled Hibernation (safe; 10% risk of failure)
Confirm with . or Enter, or press ? or * to list all spells.
Aiming: Ensorcelled Hibernation (safe; 10% risk of failure)
Press: ? - help, Shift-Dir - straight line, f/p - adder
Aim: an adder (chance to affect: 52%)
You miscast Ensorcelled Hibernation.
You are very lightly contaminated with residual magic.
Nothing appears to happen.
The adder bites you.
You are poisoned.
The adder poisons you! The ball python closely misses you.
The ball python constricts you. The adder bites you.
You are lethally poisoned!
The adder poisons you!
Unknown command.
You scratch the adder.
The adder is moderately wounded.
You feel sick. The ball python bites you.
* * * LOW HITPOINT WARNING * * *
The ball python constricts you. The adder bites you.
* * * LOW HITPOINT WARNING * * *
You are more poisoned.
The adder poisons you!
You closely miss the adder.
The adder is moderately wounded.
You die...

## #...#.# .# #...#.#
.# ######...#.#
.#####...##...#.#
..........)....>####
(####.......$...[..####
.# #....####..........
.# #..### #.#.###.## .#
#.)# #.#.@S# .# #..#
#.###S# .# #.)# ... S..
). ...# #.# .#.# ##
..... ..# ....# #.# !#
## ##


You could see an adder and 2 ball pythons.

Vanquished Creatures
  A dart slug (D:1)
  A ribbon worm (D:2)
  A ball python (D:1)
  2 bats (D:1)
  4 endoplasms
  3 giant cockroaches (D:1)
  2 goblins
  2 hobgoblins (D:1)
  4 quokkas (D:1)
  A frilled lizard (D:1)
  3 kobolds
  5 rats
29 creatures vanquished.

Notes
Turn   | Place    | Note
-------+----------+-------------------------------------------
     0 | D:1      | BubbleThief the Felid Enchanter began the quest for the
                  | Orb.
     0 | D:1      | Reached XP level 1. HP: 9/9 MP: 4/4
    82 | D:1      | Slain by a kobold
    82 | D:1      | Lost a life (0 lives remaining)
    91 | D:1      | Reached XP level 2. HP: 7/13 MP: 6/6
    94 | D:1      | Learned a level 2 spell: Ensorcelled Hibernation
   448 | D:1      | Reached XP level 3. HP: 15/16 MP: 7/7
   456 | D:1      | Reached skill level 5 in Hexes
   710 | D:2      | Learned a level 3 spell: Confusing Touch
   886 | D:2      | Succumbed to an adder's poison

Illustrated notes

Levels and vault maps discovered:
D:1:      ldierk_walled_garden_2, layout_rooms, nrook_loot_triangle,
          minivault_23
D:2:      layout_basic, serial_shops, nicolae_shop_stone, nrook_uturn,
          minmay_indecisive_spiral

Skill      XL: |  1  2  3 |
---------------+----------+-----
Dodging        | 3 |  3.3
Hexes          | 5 |  5.0
Stealth        | |  4.5
Unarmed Combat | |  1.7
Spellcasting   | |  2.0

Action                     || total
---------------------------++-------
  Melee: Unarmed           ||   112
         Bite              ||     4
         Punch             ||     1
   Cast: Ensorcelled Hiber ||     7
   Stab: Sleeping          ||    11
 Armour: Skin              ||    28
  Dodge: Dodged            ||    87

Table legend: (Time is in decaauts)
 A = Elapsed time spent in this place.
 B = Non-inter-level travel time spent in this place.
 C = Inter-level travel time spent in this place.
 D = Time resting spent in this place.
 E = Time spent auto-exploring this place.
 F = Levels seen in this place.
 G = Mean time per level.
                   A        B        C        D        E       F      G
               +--------+--------+--------+--------+--------+-----+--------+
         Total |    888 |    871 |     17 |      0 |    596 |   2 |  444.0 |
       Dungeon |    888 |    871 |     17 |      0 |    596 |   2 |  444.0 |
               +--------+--------+--------+--------+--------+-----+--------+

Top non-repeatable levels by time:
     D:1: 685 daAuts
     D:2: 202 daAuts
